 Dungeon Crawl Stone Soup version 0.30-a0-250-g41c1d76940 (webtiles) character file.

Game seed: 880237795736921619

49 gzilladon the Chopper (level 3, -1/2 (30) HPs)
             Began as a Hill Orc Reaver on Oct 12, 2022.
             Was an Initiate of Vehumet.
             Slain by a goblin
             ... wielding a +0 dagger
             ... led by Robin
              (3 damage)
             ... on level 2 of the Dungeon.
             The game lasted 00:05:26 (1210 turns).

gzilladon the Chopper (Hill Orc Reaver)             Turns: 1210, Time: 00:05:26

HP:   -1/2 (30)     AC:  3    Str: 16    XL:     3   Next: 75%
MP:   5/5           EV: 11    Int: 13    God:    Vehumet [......]
Gold: 28            SH:  0    Dex:  9    Spells: 4/5 levels left

rFire   . . .      SeeInvis +    a - +0 hand axe
rCold   . . .      Faith    .    (no shield)
rNeg    . . .      Spirit   .    b - +0 leather armour
rPois   .          Reflect  .    (no helmet)
rElec   .          Harm     .    (no cloak)
rCorr   .          Rampage  .    (no gloves)
Will    .....                    (no boots)
Stlth   +.........               (no amulet)
HPRegen 0.20/turn                g - ring of see invisible
MPRegen 0.09/turn                (no ring)

@: extremely drained
A: no striking features
a: Renounce Religion


You were on level 2 of the Dungeon.
You worshipped Vehumet.
Vehumet was noncommittal.
You visited 1 branch of the dungeon, and saw 2 of its levels.

You collected 28 gold pieces.

Inventory:

Hand Weapons
 a - a +0 hand axe (weapon)
Missiles
 f - 2 throwing nets
 l - 8 poisoned darts
Armour
 b - a +0 leather armour (worn)
Jewellery
 g - a ring of see invisible (left hand)
Scrolls
 c - a scroll of silence {unknown}
 e - a scroll of fear {unknown}
 j - a scroll of butterflies {unknown}
 k - a scroll of identify {unknown}
 m - a scroll of amnesia {unknown}
Potions
 d - 3 potions of curing {unknown}
 h - a potion of heal wounds {unknown}
 i - a potion of lignification {unknown}


   Skills:
 + Level 2.6 Fighting
 * Level 5.1 Axes
 + Level 0.7 Armour
 + Level 1.8 Dodging
 + Level 1.8 Spellcasting
 * Level 3.2 Conjurations


You had 4 spell levels left.
You knew the following spells:

 Your Spells              Type           Power      Damage    Failure   Level
a - Kiss of Death         Conj/Necr      20%        2d7       17%         1

Your spell library contained the following spells:

 Spells                   Type           Power      Damage    Failure   Level
 Momentum Strike          Conj/Tloc      10%        3d8       26%         2
 Hailstorm                Conj/Ice       5%         3d4       45%         3


Dungeon Overview and Level Annotations

Branches:
Dungeon (2/15)

Altars:
Vehumet

Annotations:
D:2 Robin


Message History

Aim: a worm (almost dead, heavily drained, 100% to hit)
The negative energy hits the worm.
The worm is drained!
You kill the worm!
Vehumet accepts your kill.
You feel drained.
You start resting.
Your magical contamination has completely faded away.
You start resting.
HP restored.
You start resting.
Magic restored.
Found a coppery potion.
A kobold comes into view. It is wielding a +0 short sword.
The kobold barely misses you.
Casting: Kiss of Death (safe; 17% risk of failure)
Confirm with . or Enter, or press ? or * to list all spells.
Aiming: Kiss of Death (safe; 17% risk of failure)
Press: ? - help, Shift-Dir - straight line, f - kobold
Aim: a kobold, wielding a +0 short sword (100% to hit)
The negative energy hits the kobold!
The kobold is drained!
You kill the kobold!
Vehumet accepts your kill.
You feel drained.
d - 3 coppery potions (gained 1)
A goblin comes into view. It is wielding a +0 dagger.
The goblin shouts!
You hear a shout!
A gnoll comes into view. It is wielding a +0 spear.
A goblin comes into view. It is wielding a +0 club.
The goblin shouts!
The gnoll shouts!
You hear a shout! x5
A goblin comes into view. It is wielding a +3 dagger.
You hear a shout!
Robin of the Strong Arm comes into view.
They are wielding a +0 short sword.
Robin shouts!
The goblin hits you but does no damage. Robin throws the goblin at you!
A goblin comes into view. It is wielding a +0 dagger.
The goblin shouts!
You hit the goblin.
The goblin is severely wounded.
You completely miss the goblin. The goblin hits you with a +0 dagger.
Ouch! That really hurt!
You die...

#.....#.. ........ ###..
..#.###.## #.#
##...###.#......# #.. .
##.....##.#......###.#
..#.8...8.#.....).......
............#..........#
......⌠.....#......#####
...........##......# #
..#.8..@8.###......# #
##..gg.## #......# #
##..g## #.###### # ###g#
#.# # .g# #.# ########
##.# #.###.....## #.#
#........... #g#
..........##
............


You could see Robin, a gnoll and 4 goblins.

Vanquished Creatures
  An adder (D:2)
  A worm (D:2)
  2 dart slugs (D:1)
  7 endoplasms (D:1)
  A goblin (D:2)
  2 hobgoblins (D:1)
  2 quokkas
  5 ball pythons
  A bat (D:1)
  3 frilled lizards (D:1)
  4 kobolds
  3 rats (D:1)
32 creatures vanquished.

Notes
Turn   | Place    | Note
-------+----------+-------------------------------------------
     0 | D:1      | gzilladon the Hill Orc Reaver began the quest for the Orb.
     0 | D:1      | Reached XP level 1. HP: 18/18 MP: 3/3
    97 | D:1      | Reached XP level 2. HP: 24/25 MP: 4/4
   472 | D:1      | Reached XP level 3. HP: 30/30 MP: 5/5
   944 | D:2      | Found a radiant altar of Vehumet.
   963 | D:2      | Became a worshipper of Vehumet
  1092 | D:2      | Reached skill level 5 in Axes
  1209 | D:2      | Noticed Robin
  1210 | D:2      | Slain by a goblin

Illustrated notes

Levels and vault maps discovered:
D:1:      wander_arrival_abandoned_jail, layout_loops_ring
D:2:      layout_basic, basic_altar, wad_floor_pattern_untrapped, uniq_robin

Skill      XL: |  1  2  3 |
---------------+----------+-----
Axes           | 5 |  5.1
Fighting       | |  2.6
Armour         | |  0.7
Dodging        | |  1.8
Spellcasting   | |  1.8
Conjurations   | |  3.2

Action                   || total
-------------------------++-------
Melee: Hand axe          ||    94
 Cast: Kiss of Death     ||     6
Armor: Leather armour    ||    34
Dodge: Dodged            ||    62

Table legend: (Time is in decaauts)
 A = Elapsed time spent in this place.
 B = Non-inter-level travel time spent in this place.
 C = Inter-level travel time spent in this place.
 D = Time resting spent in this place.
 E = Time spent auto-exploring this place.
 F = Levels seen in this place.
 G = Mean time per level.
                   A        B        C        D        E       F      G
               +--------+--------+--------+--------+--------+-----+--------+
         Total |   1216 |    995 |    221 |    149 |      0 |   2 |  608.0 |
       Dungeon |   1216 |    995 |    221 |    149 |      0 |   2 |  608.0 |
               +--------+--------+--------+--------+--------+-----+--------+

Top non-repeatable levels by time:
     D:1: 919 daAuts
     D:2: 297 daAuts
